 Dungeon Crawl Stone Soup version 0.22-a0-423-g4197694 (webtiles) character file.

309716 Gorice the Sharpshooter (level 20, -3/178 HPs)
             Began as a Demonspawn Wanderer on May 21, 2018.
             Was a High Priest of Okawaru.
             Slain by a phantasmal warrior (10 damage)
             ... summoned by a curse skull
             ... on level 1 of the Crypt on May 23, 2018.
             The game lasted 05:33:36 (56076 turns).

Gorice the Sharpshooter (Demonspawn Wanderer)      Turns: 56076, Time: 05:33:37

Health: -3/178     AC: 33    Str: 21    XL:     20   Next: 38%
Magic:  21/27      EV: 20    Int: 16    God:    Okawaru [*****.]
Gold:   1380       SH:  0    Dex: 17    Spells: 21/23 levels left

rFire    + . .     SeeInvis +   a - +6 great mace of the Fox {crush, Stlth+}
rCold    + + .     Gourm    .   (shield currently unavailable)
rNeg     + + .     Faith    .   e - +1 chain mail of the Ban {rPois MR+}
rPois    +         Spirit   .   (helmet unavailable)
rElec    .         Reflect  .   S - +2 cloak {+Inv}
rCorr    .         Harm     .   y - +3 pair of gloves "Saowkiy" {Str-3 Dex+5}
MR       ++...                  D - +2 pair of boots
Stlth    ++........             f - amulet of regeneration
HPRegen  0.79/turn              H - ring of positive energy
MPRegen  0.20/turn              U - ring "Qoint" {rC+ rN+ Str+4}

@: afraid, heroism, finesse, slowed, drained, very slow
A: antennae 3, molten scales 3, blurry vision 1, cold resistance 1, foul stench
2, robust 1, rot immunity, freezing cloud immunity
}: 2/15 runes: barnacled, gossamer
a: Heroism, Finesse, Renounce Religion, Evoke Invisibility


You were on level 1 of the Crypt.
You worshipped Okawaru.
Okawaru was extremely pleased with you.
You were not hungry.

You visited 8 branches of the dungeon, and saw 37 of its levels.
You also visited: Sewer, Ossuary and Ice Cave.

You collected 3438 gold pieces.
You spent 2058 gold pieces at shops.

Inventory:

Hand Weapons
 a - the +6 great mace of the Fox (weapon) {crush, Stlth+}
   (Okawaru gifted it to you on level 6 of the Lair of Beasts)

   It inflicts extra damage upon your enemies.
   It makes you more stealthy.
 b - a +5 arbalest of flaming
   (Okawaru gifted it to you on level 13 of the Dungeon)
Missiles
 i - 1058 bolts
 Z - 9 throwing nets (quivered) {!f}
Armour
 e - the +1 chain mail of the Ban (worn) {rPois MR+}
   (You found it on level 6 of the Lair of Beasts)

   It protects you from poison.
   It affects your resistance to hostile enchantments.
 y - the +3 pair of gloves "Saowkiy" (worn) {Str-3 Dex+5}
   (You found it in an ice cave)

   It affects your strength (-3).
   It affects your dexterity (+5).
 D - a +2 pair of boots (worn)
 S - a +2 cloak of invisibility (worn)
   (Okawaru gifted it to you on level 4 of the Spider Nest)
Jewellery
 f - an amulet of regeneration (around neck)
 m - an uncursed ring of protection from magic
 C - an uncursed ring of resist corrosion
 F - the ring of the Wild Haggis {+Fly rElec MP+9}
   (You found it on level 3 of the Shoals)

   [ring of flight]

   It insulates you from electricity.
   It affects your magic capacity (+9).
   It lets you fly.
 H - a ring of positive energy (left hand)
 U - the ring "Qoint" (right hand) {rC+ rN+ Str+4}
   (You found it on level 14 of the Dungeon)

   [ring of protection from cold]

   It affects your strength (+4).
   It protects you from cold.
   It protects you from negative energy.
Wands
 l - a wand of enslavement (26)
 r - a wand of iceblast (40)
 s - a wand of clouds (4)
 z - a wand of acid (8)
 G - a wand of digging (13)
 Q - a wand of flame (8)
Scrolls
 g - 4 scrolls of fog
 n - 18 scrolls of teleportation {!r}
 o - 2 scrolls of blinking
 p - 11 scrolls of remove curse
 J - 2 scrolls of magic mapping {!r}
 M - a scroll of fear {!r}
 O - a scroll of summoning {!r}
 T - 11 scrolls of identify
Potions
 d - 3 potions of invisibility {!q}
 j - 7 potions of might {!q}
 k - 7 potions of agility {!q}
 q - 2 potions of berserk rage
 t - 5 potions of magic {!q}
 w - a potion of heal wounds {!q}
 B - 3 potions of haste {!q}
 I - a potion of cancellation {!q}
 K - 9 potions of curing
 L - a potion of resistance {!q}
Comestibles
 h - 56 rations


   Skills:
 - Level 15.1(20.0) Fighting
 + Level 15.3(20.1) Maces & Flails
 - Level 16.0(20.9) Crossbows
 - Level 16.0(20.8) Armour
 + Level 13.3(18.2) Dodging
 - Level 1.7(6.6) Stealth
 - Level 2.0(1.8) Spellcasting
   Level 1.0(0.9) Hexes
 - Level 10.0(9.9) Invocations
 - Level 5.0(4.8) Evocations


You had 21 spell levels left.
You knew the following spells:

 Your Spells              Type           Power        Failure   Level  Hunger
A - Apportation           Tloc           #.....       61%         1    #......
B - Summon Butterflies    Summ           #.......     61%         1    #......

Your spell library contained the following spells:

 Spells                   Type           Power        Failure   Level  Hunger
 Cause Fear               Hex            #.........   99%         4    #####..
 Magic Dart               Conj           #...         61%         1    #......
 Fireball                 Conj/Fire      #.........   100%        5    ######.
 Conjure Flame            Conj/Fire      #.......     93%         3    ###....
 Bolt of Fire             Conj/Fire      #.........   100%        6    #######
 Bolt of Magma            Conj/Fire/Erth #.........   100%        5    ######.
 Confuse                  Hex            #.......     85%         3    ###....
 Invisibility             Hex            #.......     100%        6    #######
 Throw Flame              Conj/Fire      #.....       75%         2    ###....
 Mephitic Cloud           Conj/Pois/Air  #.......     93%         3    ###....
 Venom Bolt               Conj/Pois      #.........   100%        5    ######.
 Olgreb's Toxic Radiance  Pois           #.......     100%        4    #####..
 Iskenderun's Mystic Bla  Conj           #.......     100%        4    #####..
 Animate Dead             Necr           N/A          100%        4    #####..
 Pain                     Necr           #...         61%         1    #......
 Animate Skeleton         Necr           N/A          61%         1    #......
 Vampiric Draining        Necr           #.........   93%         3    ###....
 Sticky Flame             Conj/Fire      #.......     100%        4    #####..
 Regeneration             Chrm/Necr      #.........   93%         3    ###....
 Sting                    Conj/Pois      #...         61%         1    #......
 Sublimation of Blood     Necr           #.........   75%         2    ###....
 Tukima's Dance           Hex            #.......     85%         3    ###....
 Iron Shot                Conj/Erth      #.........   100%        6    #######
 Statue Form              Tmut/Erth      #........    100%        6    #######
 Dragon Form              Tmut           #.........   100%        7    #######
 Deflect Missiles         Chrm/Air       #.........   100%        6    #######
 Flame Tongue             Conj/Fire      #....        61%         1    #......
 Passwall                 Tmut/Erth      #.........   75%         2    ###....
 Ignite Poison            Fire/Tmut/Pois #.......     93%         3    ###....
 Metabolic Englaciation   Hex/Ice        #.........   100%        5    ######.
 Silence                  Hex/Air        #.........   100%        5    ######.
 Alistair's Intoxication  Tmut/Pois      #.......     100%        5    ######.
 Lee's Rapid Deconstruct  Erth           #.........   100%        5    ######.
 Sandblast                Erth           #.....       61%         1    #......
 Conjure Ball Lightning   Conj/Air       #.........   100%        6    #######
 Petrify                  Tmut/Erth      #.......     100%        4    #####..
 Orb of Destruction       Conj           #.........   100%        7    #######
 Tornado                  Air            #.........   100%        9    #######
 Inner Flame              Hex/Fire       #.......     88%         3    ###....
 Iskenderun's Battlesphe  Conj/Chrm      #.......     100%        5    ######.
 Fulminant Prism          Conj/Hex       #.........   99%         4    #####..
 Dazzling Spray           Conj/Hex       #.....       88%         3    ###....
 Force Lance              Conj/Tloc      #.......     100%        4    #####..
 Searing Ray              Conj           #.....       75%         2    ###....
 Summon Lightning Spire   Summ/Air       #.......     100%        4    #####..
 Dragon's Call            Summ           #.........   100%        9    #######
 Spellforged Servitor     Conj/Summ      #.........   100%        7    #######
 Irradiate                Conj/Tmut      #.........   100%        5    ######.
 Lesser Beckoning         Tloc           #.........   93%         3    ###....
 Poisonous Vapours        Pois/Air       #.....       75%         2    ###....


Dungeon Overview and Level Annotations

Branches:
Dungeon (15/15)            Temple (1/1) D:6            Lair (6/6) D:10
 Shoals (4/4) Lair:2       Spider (4/4) Lair:4        Slime (0/5) Lair:6
    Orc (2/2) D:9             Elf (0/3) Orc:2        Vaults (4/5) D:14
  Crypt (1/3) Vaults:3     Depths (0/5) D:15

Altars:
Ashenzari
Cheibriados
Dithmenos
Elyvilon
Fedhas
Gozag
Hepliaklqana
Kikubaaqudgha
Makhleb
Nemelex Xobeh
Okawaru
Qazlal
Ru
Sif Muna
Trog
Uskayaw
Vehumet
Wu Jian
Xom
Yredelemnul
Zin
The Shining One
Beogh

Shops:
D:5 [   D:7 }   D:8 [!(!!   Orc:1 %   Orc:2 =(}(?!   Shoals:1 =   Vaults:2 %

Annotations:
Shoals:1 1 runed door


Innate Abilities, Weirdness & Mutations

You have a pair of large antennae on your head. (SInv)
You are completely covered in molten scales. (AC +4, rF+)
Your flesh is cold resistant. (rC+)
You frequently emit foul miasma when damaged in melee.
You are robust. (+10% HP)
You are immune to rotting.
You are immune to freezing clouds.
Scrolls take you a little longer to read.


Message History

The curse skull calls on the powers of darkness!
Your body is wracked with pain!
* * * LOW HITPOINT WARNING * * *
There is a staircase back to the Vaults here.
Damage: 114 (max 114)
You can now deal lightning-fast blows.
The curse skull calls on the powers of darkness!
Your body is wracked with pain!
* * * LOW HITPOINT WARNING * * *
The eidolon stares piercingly at you. The bolt of negative energy misses you.
The eidolon hits you but does no damage.
The eidolon closely misses you.
Damage: 23 (max 114)
You bludgeon the eidolon!!
The eidolon is heavily damaged.
Unknown command.
You hit the eidolon.
The eidolon is heavily damaged.
The eidolon gestures.
The eidolon radiates an aura of fear!
You are terrified of the eidolon!
The curse skull calls on the powers of darkness!
Your body is wracked with pain!
* * * LOW HITPOINT WARNING * * *
Damage: 14 (max 114) Unknown command.
The curse skull calls on the powers of darkness!
Your body is wracked with pain!
* * * LOW HITPOINT WARNING * * *
The eidolon completely misses you. The eidolon closely misses you.
Damage: 9 (max 114) Unknown command.
You hit the curse skull but do no damage.
The eidolon hits you.
* * * LOW HITPOINT WARNING * * *
The eidolon misses you.
Damage: 2 (max 114)
You completely miss the curse skull.
The curse skull rattles its jaw.
Unknown command.
You completely miss the curse skull. The eidolon hits you!
* * * LOW HITPOINT WARNING * * *
The eidolon drains your vigour!
You feel as though you will be slow longer.
The eidolon hits you but does no damage.
Damage: 10 (max 114)
You hit the curse skull but do no damage.
The phantasmal warrior hits you!
You die...

############(z.........
.......z.W.?...........
..#############...#### ..#
#...# ..# #...# ..# #...#
..# #.W.# ..# #.Wz# ..#
#.@W# ..# #..<# ..#
#...########
..#############.......>...
..........................
##########################


You could see an eidolon, a curse skull, a phantasmal warrior and a wraith.

Vanquished Creatures
  The ghost of Venturno the Slayer, an adept MiFi of Qazlal (Vaults:4)
  Jorgrun (Vaults:3)
  A lich (Vaults:4)
  Asterion (Lair:4)
  2 sphinxes
  A storm dragon (D:14)
  Kirke (Shoals:4)
  Roxanne (Spider:1)
  2 tengu reavers
  A kraken (Shoals:4)
  Ilsuiw (Shoals:3)
  A fire giant (Vaults:4)
  2 frost giants
  4 ghost moths
  3 emperor scorpions
  A deep elf sorcerer (Vaults:2)
  7 vault wardens
  2 orc warlords (Orc:1)
  9 ironheart preservers
  3 very ugly things
  6 stone giants
  3 entropy weavers
  A deep elf demonologist (Vaults:2)
  2 vampire knights (Vaults:3)
  A deep elf annihilator (Vaults:1)
  3 spark wasps
  An eidolon (Crypt:1)
  6 merfolk javelineers
  16 merfolk impalers
  7 ogre magi
  A crystal guardian (D:14)
  2 jiangshi
  9 yaktaur captains
  Erolcha (D:13)
  2 vault guards
  3 rakshasas
  An ice dragon (Vaults:2)
  A great orb of eyes (Vaults:2)
  7 hydras
  An alligator snapping turtle (Shoals:3)
  Harold (Orc:1)
  2 catoblepae
  8 centaur warriors
  A satyr (Shoals:3)
  3 merfolk aquamancers (Shoals:4)
  17 two-headed ogres
  7 deep troll shamans
  7 deep troll earth magi
  3 death yaks (Lair:6)
  3 orc high priests (Orc:2)
  Urug (D:10)
  4 deep elf knights
  4 shadow wraiths
  2 skeletal warriors (D:15)
  10 sea snakes
  A glowing orange brain (Vaults:4)
  An unseen horror (shapeshifter) (Vaults:1)
  2 deep elf archers (Vaults:1)
  4 unseen horrors
  11 deep trolls
  2 wizards
  13 ironbrand convokers
  15 orc knights
  8 deep elf magi
  4 phantasmal warriors
  4 necromancers
  A harpy (shapeshifter) (D:14)
  21 orb spiders
  27 ugly things
  A wolf spider zombie (D:15)
  33 wolf spiders
  3 oklob plants (Lair:4)
  An orb spider (shapeshifter) (Vaults:1)
  3 orc sorcerers (Orc:2)
  13 harpies
  6 cyclopes
  10 manticores
  An elephant (shapeshifter) (Vaults:2)
  7 fauns
  A frost giant skeleton (D:15)
  2 ice statues (IceCv)
  A human skeleton (Vaults:3)
  4 black mambas
  8 elephants
  A spiny frog (shapeshifter) (Vaults:4)
  8 water nymphs
  12 vault sentinels
  A gargoyle (D:14)
  3 spiny frogs
  A torpor snail (Spider:4)
  A yaktaur zombie (Vaults:3)
  10 freezing wraiths
  7 komodo dragons
  A yaktaur (shapeshifter) (Vaults:3)
  26 yaktaurs
  A queen bee (Lair:5)
  8 ice devils (IceCv)
  16 demonic crawlers
  29 merfolk
  7 trolls
  A meliai (shapeshifter) (D:14)
  3 meliai (Lair:5)
  37 jumping spiders
  A troll (shapeshifter) (Vaults:1)
  34 slime creatures
  5 blink frogs (Lair:3)
  11 hornets
  7 wind drakes
  A fire dragon zombie (D:15)
  6 dream sheep (Shoals:1)
  Grinder (D:4)
  11 snapping turtles
  8 hippogriffs
  An ice dragon zombie (D:15)
  A deep troll zombie (D:15)
  A fire giant simulacrum (Vaults:3)
  7 shadows
  A dream sheep (shapeshifter) (Vaults:4)
  A tarantella (shapeshifter) (Vaults:2)
  A stone giant simulacrum (Vaults:1)
  107 redbacks
  30 tarantellas
  A spriggan (D:13)
  2 wraiths
  3 wyverns
  A vampire (D:10)
  4 flying skulls
  A yak (shapeshifter) (Vaults:2)
  8 water elementals
  46 yaks
  2 hogs
  A basilisk (shapeshifter) (D:14)
  A basilisk (Lair:6)
  A yaktaur simulacrum (Vaults:1)
  Menkaure (D:5)
  2 vampire mosquitoes (D:13)
  5 wargs
  2 acid dragons
  A soldier ant (D:6)
  2 hell hounds (D:10)
  4 porcupines
  10 water moccasins
  11 ice beasts
  3 sky beasts
  A meliai simulacrum (D:14)
  36 orc warriors
  5 phantoms
  A black bear (shapeshifter) (D:14)
  3 black bears
  2 necrophages
  2 eyes of draining
  5 boggarts
  26 ogres
  16 wolves
  8 centaurs
  Blork the orc (D:6)
  12 crocodiles
  6 big kobolds
  22 bullfrogs
  A human zombie (Vaults:3)
  A wyvern zombie (D:9)
  A water moccasin skeleton (D:10)
  28 killer bees
  4 scorpions
  2 human simulacra (Vaults:1)
  4 howler monkeys
  8 wights
  3 electric eels
  9 crimson imps
  5 centaur zombies
  4 draconian simulacra (IceCv)
  2 bullfrog zombies
  2 quasits
  8 hounds
  5 jellies
  20 orc wizards
  A bullfrog skeleton (D:9)
  15 orc priests
  Crazy Yiuf (D:5)
  A centaur skeleton (D:6)
  A gnoll shaman (Orc:2)
  5 iguanas
  19 worker ants
  4 merfolk avatars
  15 merfolk sirens
  A troll simulacrum (IceCv)
  A killer bee zombie (D:6)
  A spriggan simulacrum (IceCv)
  2 centaur simulacra
  2 hound skeletons
  3 mummies (Ossuary)
  5 howler monkey skeletons
  8 gnolls
  An ogre simulacrum (IceCv)
  14 adders
  2 naga simulacra (IceCv)
  4 river rats (Sewer)
  4 shadow imps
  2 white imps (Vaults:1)
  4 oozes
  An adder zombie (Ossuary)
  2 adder skeletons (D:9)
  4 worms
  2 dart slugs
  A leopard gecko (D:10)
  100 orcs
  9 giant cockroaches
  12 goblins
  8 hobgoblins
  18 jackals
  2 quokkas
  5 ball pythons
  6 bats
  13 frilled lizards
  5 goblin zombies (Ossuary)
  3 hobgoblin zombies (Ossuary)
  A jackal skeleton (D:6)
  A jackal zombie (D:5)
  31 kobolds
  2 kobold zombies (Ossuary)
  6 quokka zombies
  27 rats
  3 rat zombies (Ossuary)
  3 plants (Shoals:4)
1554 creatures vanquished.

Vanquished Creatures (others)
  A deep elf mage (Vaults:2)
  A jumping spider (Spider:3)
  A tarantella (Spider:3)
  A redback (Spider:4)
  2 humans (Shoals:4)
  A warg (Orc:2)
  An orc warrior (Vaults:1)
  An orc wizard (Orc:2)
  7 fungi
  13 plants
  7 tentacles (Shoals:4)
36 creatures vanquished.

Grand Total: 1590 creatures vanquished

Notes
Turn   | Place    | Note
-------+----------+-------------------------------------------
     0 | D:1      | Gorice the Demonspawn Wanderer began the quest for the Orb.
     0 | D:1      | Gorice set off with: a +2 hand crossbow, 29 bolts, a +0 shortbow, 26 arrows, a potion of lignification {!q}, a +0 robe, a +0 dagger, a ration
     0 | D:1      | Reached XP level 1. HP: 16/16 MP: 3/3
    79 | D:1      | Reached skill level 2 in Crossbows
   424 | D:1      | Gained mutation: You have a pair of small antennae on your head. [demonic ancestry]
   424 | D:1      | Reached XP level 2. HP: 22/22 MP: 5/5
   632 | D:2      | Reached skill level 1 in Maces & Flails
   673 | D:2      | Gained mutation: You are immune to rotting. [demonic ancestry]
   673 | D:2      | Reached XP level 3. HP: 27/27 MP: 6/6
   720 | D:2      | Reached skill level 3 in Crossbows
   900 | D:2      | Found a snail-covered altar of Cheibriados.
  1206 | D:2      | Found a shimmering altar of Xom.
  1208 | D:2      | Found a blossoming altar of Fedhas.
  1208 | D:2      | Found a hide-covered altar of Uskayaw.
  1216 | D:2      | Gained mutation: You are partially covered in molten scales. (AC +2) [demonic ancestry]
  1216 | D:2      | Reached XP level 4. HP: 28/33 MP: 7/7
  1219 | D:2      | Found a stormy altar of Qazlal.
  1219 | D:2      | Found a snail-covered altar of Cheibriados.
  1219 | D:2      | Found a shattered altar of Ashenzari.
  1459 | D:3      | Reached skill level 2 in Maces & Flails
  1603 | D:3      | Found a sacrificial altar of Ru.
  1673 | D:3      | Reached skill level 4 in Crossbows
  1673 | D:3      | Gained mutation: You have a pair of antennae on your head. [demonic ancestry]
  1673 | D:3      | Reached XP level 5. HP: 34/38 MP: 8/8
  2136 | D:3      | You fall through a shaft for 2 floors!
  2136 | D:5      | Entered Level 5 of the Dungeon
  2182 | D:5      | Reached skill level 3 in Maces & Flails
  2234 | D:5      | Gained mutation: You are mostly covered in molten scales. (AC +3) [demonic ancestry]
  2234 | D:5      | Reached XP level 6. HP: 42/44 MP: 9/9
  2275 | D:5      | Noticed an ice beast
  2284 | D:5      | Killed an ice beast
  2284 | D:5      | Reached skill level 5 in Crossbows
  2427 | D:4      | Found a shattered altar of Ashenzari.
  2455 | D:4      | Reached skill level 4 in Maces & Flails
  2470 | D:4      | Noticed Grinder
  2471 | D:4      | Found a glowing drain.
  2476 | D:4      | Paralysed by Grinder for 4 turns
  2489 | D:4      | Killed Grinder
  2489 | D:4      | Gained mutation: Your flesh is cold resistant. (rC+) [demonic ancestry]
  2489 | D:4      | Reached XP level 7. HP: 23/50 MP: 10/10
  2671 | Sewer    | Entered a sewer
  2764 | Sewer    | Reached skill level 5 in Maces & Flails
  4144 | D:5      | Found the +9 heavy crossbow "Sniper" {velocity, Acc+∞ SInv}
  4144 | D:5      | Found a radiant altar of Vehumet.
  4294 | D:5      | Found Jifom's Antique Armour Boutique.
  4332 | D:5      | Found a runed door.
  4336 | D:5      | Noticed Crazy Yiuf
  4337 | D:5      | Killed Crazy Yiuf
  4402 | D:5      | Got a jewelled flail
  4403 | D:5      | Identified the +8 flail "Leroh Cirr" {crush, *Noise rPois MR- Str+6 Dex+2} (You found it on level 5 of the Dungeon)
  4557 | D:5      | Noticed Menkaure
  4558 | D:5      | Killed Menkaure
  4558 | D:5      | Reached skill level 6 in Maces & Flails
  4558 | D:5      | Reached skill level 6 in Crossbows
  4558 | D:5      | Reached XP level 8. HP: 56/56 MP: 11/11
  4759 | D:6      | Found a staircase to the Ecumenical Temple.
  4764 | Temple   | Entered the Ecumenical Temple
  4995 | Temple   | Became a worshipper of Warmaster Okawaru
  5033 | D:6      | Found a runed door.
  5103 | D:6      | Found a runed door.
  5135 | D:6      | Reached skill level 7 in Crossbows
  5138 | D:6      | Reached skill level 7 in Maces & Flails
  5260 | D:6      | Noticed Blork the orc
  5265 | D:6      | Killed Blork the orc
  5265 | D:6      | Reached * piety under Okawaru
  5390 | D:6      | Reached skill level 1 in Invocations
  5798 | D:6      | Reached skill level 2 in Invocations
  5813 | D:6      | Gained mutation: You may emit foul miasma when damaged in melee. [demonic ancestry]
  5813 | D:6      | Reached XP level 9. HP: 61/61 MP: 12/12
  5845 | D:6      | Reached skill level 3 in Invocations
  5943 | D:5      | Bought a shiny chain mail for 180 gold pieces
  6044 | D:7      | Found a sand-covered staircase.
  6067 | Ossuary  | Entered an ossuary
  6356 | D:7      | Reached skill level 8 in Crossbows
  6381 | D:7      | Reached skill level 8 in Maces & Flails
  6463 | D:7      | Reached ** piety under Okawaru
  6703 | D:7      | Found Gimom's Gadget Shop.
  6892 | D:8      | Found Qigh's Distillery.
  7018 | D:8      | Reached skill level 9 in Crossbows
  7047 | D:8      | Reached *** piety under Okawaru
  7047 | D:8      | Reached skill level 9 in Maces & Flails
  7060 | D:8      | Found Omostruy's Armour Shop.
  7098 | D:8      | Found Niwufuf's Antique Weapon Shop.
  7219 | D:8      | Found Haiw's Distillery.
  7229 | D:8      | Found Eschorgh's Distillery.
  7251 | D:8      | Reached XP level 10. HP: 44/67 MP: 13/13
  7304 | D:8      | Noticed a two-headed ogre
  7352 | D:8      | Killed a two-headed ogre
  7352 | D:8      | Reached **** piety under Okawaru
  7499 | D:8      | Found a shadowy altar of Dithmenos.
  7896 | D:9      | HP: 17/67 [ogre/giant spiked club (25)]
  7900 | D:9      | HP: 6/67 [killer bee (7)]
  8150 | D:9      | Learned a level 1 spell: Apportation
  8152 | D:9      | Learned a level 1 spell: Summon Butterflies
  8169 | D:9      | Reached skill level 10 in Crossbows
  8191 | D:9      | Reached skill level 10 in Maces & Flails
  8267 | D:9      | Found a staircase to the Orcish Mines.
  8347 | D:9      | Received a gift from Okawaru
  8521 | D:9      | Reached skill level 3 in Fighting
  8696 | D:10     | Entered Level 10 of the Dungeon
  8786 | D:10     | Found a staircase to the Lair.
  8796 | D:10     | Noticed Urug
  8822 | D:10     | HP: 8/71 [Urug/enchanted eveningstar (16)]
  8828 | D:10     | Reached skill level 4 in Fighting
  8841 | D:10     | HP: 21/71 [Urug/enchanted eveningstar (6)]
  8842 | D:10     | Killed Urug
  8842 | D:10     | Reached ***** piety under Okawaru
  8842 | D:10     | Received a gift from Okawaru
  9211 | D:10     | Reached skill level 5 in Fighting
  9212 | D:10     | HP: 22/74 [poisoned by a hornet]
  9217 | D:10     | HP: 18/74 [poisoned by a hornet]
  9223 | D:10     | HP: 14/74 [poisoned by a hornet]
  9228 | D:10     | HP: 12/74 [poisoned by a hornet]
  9233 | D:10     | HP: 11/74 [poisoned by a hornet]
  9240 | D:10     | HP: 11/74 [poisoned by a hornet]
  9248 | D:10     | HP: 10/74 [poisoned by a hornet]
  9889 | D:10     | Got a brightly glowing mace {flame}
  9890 | D:10     | Identified the +3 mace of Qazlal's Vengeance {flame, rN+} (You took it off a crimson imp on level 10 of the Dungeon)
 10045 | D:8      | Bought a +0 pair of gloves for 72 gold pieces
 10100 | D:8      | Bought a potion of heal wounds for 60 gold pieces
 10100 | D:8      | Bought a potion of heal wounds for 60 gold pieces
 10210 | Lair:1   | Entered Level 1 of the Lair of Beasts
 10278 | Lair:1   | Gained mutation: You are completely covered in molten scales. (AC +4, rF+) [demonic ancestry]
 10278 | Lair:1   | Reached XP level 11. HP: 53/80 MP: 14/14
 10291 | Lair:1   | Reached skill level 11 in Maces & Flails
 10356 | Lair:1   | Found a frozen archway.
 10484 | IceCv    | Entered an ice cave
 10494 | IceCv    | Reached skill level 6 in Fighting
 10689 | IceCv    | Received a gift from Okawaru
 11210 | IceCv    | Reached skill level 7 in Fighting
 11350 | IceCv    | Noticed a necromancer
 11351 | IceCv    | Killed a necromancer
 11358 | IceCv    | Got a dazzling hand crossbow
 11370 | IceCv    | Got a pair of translucent gloves
 11388 | IceCv    | Identified the +3 pair of gloves "Saowkiy" {Str-3 Dex+5} (You found it in an ice cave)
 11611 | Lair:1   | Reached skill level 8 in Fighting
 11810 | Lair:1   | Reached skill level 12 in Maces & Flails
 12088 | Lair:1   | Identified the +5 hand crossbow of Xom's Generosity {freeze, *Contam rF+ MP+9 Dex+4} (You found it in an ice cave)
 12201 | D:8      | Bought 2 potions of cancellation for 192 gold pieces
 12371 | Lair:1   | Reached skill level 4 in Invocations
 12381 | Lair:1   | Reached skill level 2 in Armour
 12591 | Lair:2   | Found a staircase to the Shoals.
 12641 | Lair:2   | Found a snail-covered altar of Cheibriados.
 12713 | Lair:2   | Reached skill level 5 in Invocations
 12886 | Lair:2   | Reached XP level 12. HP: 94/94 MP: 15/15
 13282 | Lair:3   | Received a gift from Okawaru
 13288 | Lair:3   | Reached skill level 3 in Armour
 13619 | Lair:3   | Reached skill level 9 in Fighting
 13996 | Lair:4   | Reached skill level 6 in Invocations
 14165 | Lair:3   | Reached skill level 4 in Armour
 14257 | Lair:4   | Reached skill level 7 in Invocations
 14568 | Lair:4   | Noticed a catoblepas
 14618 | Lair:4   | Received a gift from Okawaru
 14656 | Lair:4   | HP: 28/97 [catoblepas (20)]
 14658 | Lair:4   | Killed a catoblepas
 14658 | Lair:4   | Reached skill level 5 in Armour
 14944 | Lair:4   | Found a hole to the Spider Nest.
 15035 | Lair:4   | Reached skill level 8 in Invocations
 15264 | Lair:4   | Received a gift from Okawaru
 15364 | Lair:4   | HP: 20/97 [acid (16)]
 15742 | Lair:5   | Reached skill level 10 in Fighting
 16052 | Lair:5   | Reached skill level 9 in Invocations
 16078 | Lair:5   | Reached skill level 6 in Armour
 16353 | Lair:5   | Noticed a five-headed hydra
 16362 | Lair:5   | Killed a five-headed hydra
 16362 | Lair:5   | Received a gift from Okawaru
 16362 | Lair:5   | Reached XP level 13. HP: 58/104 MP: 20/20
 17164 | Lair:5   | Reached skill level 10 in Invocations
 17293 | Lair:5   | Received a gift from Okawaru
 17421 | Lair:6   | Entered Level 6 of the Lair of Beasts
 17578 | Lair:6   | Got a heavily runed ring mail
 17579 | Lair:6   | Identified the +1 ring mail of the Battered Gods {-Cast rPois Slay+2} (You found it on level 6 of the Lair of Beasts)
 17632 | Lair:6   | Reached skill level 11 in Fighting
 17669 | Lair:6   | Reached ****** piety under Okawaru
 17669 | Lair:6   | Received a gift from Okawaru
 17669 | Lair:6   | Reached skill level 7 in Armour
 17842 | Lair:6   | Found a staircase to the Slime Pits.
 17934 | Lair:6   | Received a gift from Okawaru
 17935 | Lair:6   | Got a pitted great mace {god gift}
 17936 | Lair:6   | Identified the +6 great mace of the Fox {crush, Stlth+} (Okawaru gifted it to you on level 6 of the Lair of Beasts)
 18694 | Lair:6   | Received a gift from Okawaru
 18694 | Lair:6   | Reached skill level 8 in Armour
 18722 | Lair:6   | Identified the Disquisition on Changing and Bewitchment
 18727 | Lair:6   | Got a translucent chain mail
 18745 | Lair:6   | Identified the cursed +1 chain mail of the Ban {rPois MR+} (You found it on level 6 of the Lair of Beasts)
 18870 | Lair:4   | Received a gift from Okawaru
 19073 | Lair:4   | Got a jewelled arbalest {god gift}
 19074 | Lair:4   | Identified the +2 arbalest of Severance {elec, Dex+2} (Okawaru gifted it to you on level 4 of the Lair of Beasts)
 20460 | Orc:1    | Entered Level 1 of the Orcish Mines
 20460 | Orc:1    | Found Dydiofetz's Food Boutique.
 20461 | Orc:1    | Reached skill level 11 in Crossbows
 20954 | Orc:2    | Entered Level 2 of the Orcish Mines
 20954 | Orc:2    | Noticed an orc warlord
 20973 | Orc:1    | Killed an orc warlord
 20973 | Orc:1    | Reached skill level 12 in Fighting
 21181 | Orc:2    | Found a staircase to the Elven Halls.
 21457 | Orc:2    | Noticed an orc warlord
 21835 | Orc:1    | Killed an orc warlord
 21835 | Orc:1    | Gained mutation: You have a pair of large antennae on your head. (SInv) [demonic ancestry]
 21835 | Orc:1    | Reached XP level 14. HP: 77/115 MP: 19/21
 22200 | Orc:2    | Found Liecvefi's Jewellery Boutique.
 22202 | Orc:2    | Found a roughly hewn altar of Beogh.
 22307 | Orc:2    | Found Qaetathro's Distillery.
 22326 | Orc:2    | Bought a potion of heal wounds for 75 gold pieces
 22494 | Orc:1    | Noticed Harold
 22596 | Orc:1    | Killed Harold
 22823 | Orc:2    | Received a gift from Okawaru
 22848 | Orc:2    | Reached skill level 9 in Armour
 23119 | Orc:2    | Received a gift from Okawaru
 23146 | Orc:2    | HP: 24/116 [orc priest/divine providence (14)]
 23531 | Orc:2    | Gained mutation: Scrolls take you a little longer to read. [a neqoxec]
 23569 | Orc:2    | Found Lesaykh's Magic Scroll Emporium.
 23569 | Orc:2    | Found Futs's Antique Weapon Boutique.
 23574 | Orc:2    | Found Otaeps's Gadget Boutique.
 23574 | Orc:2    | Found Nyfium's Weapon Emporium.
 24141 | D:12     | Identified a scroll of acquirement
 24745 | D:13     | Received a gift from Okawaru
 24983 | D:13     | Reached skill level 12 in Crossbows
 25042 | D:13     | Noticed Erolcha
 25047 | D:13     | Killed Erolcha
 25047 | D:13     | Reached skill level 13 in Fighting
 25463 | D:14     | Reached skill level 10 in Armour
 25542 | D:14     | Found a sparkling altar of Nemelex Xobeh.
 25936 | D:14     | Got a smoking bone ring
 25939 | D:14     | Identified the ring "Qoint" {rC+ rN+ Str+4} (You found it on level 14 of the Dungeon)
 25953 | D:14     | Noticed a tengu reaver
 25960 | D:14     | Killed a tengu reaver
 26004 | D:14     | Received a gift from Okawaru
 26005 | D:14     | Got an iridescent fustibalus {god gift}
 26028 | D:14     | Identified the cursed +1 ring mail of Impressiveness {rN+ Dex+4} (You found it on level 14 of the Dungeon)
 26078 | D:14     | Noticed a storm dragon
 26091 | D:14     | HP: 33/118 [storm dragon (12)]
 26095 | D:14     | Killed a storm dragon
 26453 | D:14     | Gained mutation: You frequently emit foul miasma when damaged in melee. [demonic ancestry]
 26453 | D:14     | Reached XP level 15. HP: 89/124 MP: 22/22
 26702 | D:14     | Found a gate to the Vaults.
 27475 | D:15     | Entered Level 15 of the Dungeon
 27499 | D:15     | Found a staircase to the Depths.
 27509 | D:15     | Received a gift from Okawaru
 28407 | D:15     | Reached skill level 11 in Armour
 28508 | D:15     | Reached skill level 14 in Fighting
 28510 | D:15     | Reached skill level 13 in Crossbows
 29001 | D:15     | Found an opulent altar of Gozag.
 29382 | Orc:2    | Bought a glowing demon whip for 594 gold pieces
 29611 | Spider:1 | Entered Level 1 of the Spider Nest
 29616 | Spider:1 | Noticed Roxanne
 29626 | Spider:1 | Noticed Asterion
 29645 | Spider:1 | Received a gift from Okawaru
 29656 | Lair:4   | HP: 29/126 [Asterion/demon whip of venom (23)]
 29661 | Lair:4   | HP: 37/126 [Asterion/demon whip of venom (7)]
 29671 | Lair:4   | HP: 24/126 [Asterion/bolt of negative energy (12)]
 29676 | Lair:4   | Killed Asterion
 30039 | Lair:4   | --WTF: I actually killed Asterion with miasma!
 30200 | Spider:1 | Killed Roxanne
 30230 | Spider:1 | Identified Roxanne's Disquisition on Earth (You took it off Roxanne on level 1 of the Spider Nest)
 30384 | Spider:1 | HP: 37/127 [jumping spider (9)]
 30392 | Spider:1 | HP: 31/127 [demonic crawler (3)]
 30396 | Spider:1 | HP: 12/127 [demonic crawler (6)]
 30396 | Spider:1 | HP: 4/127 [demonic crawler (8)]
 30405 | Spider:1 | HP: 30/127 [demonic crawler (1)]
 30408 | Spider:1 | HP: 13/127 [demonic crawler (6)]
 31417 | Spider:1 | HP: 30/127 [wolf spider (9)]
 31779 | Spider:2 | Reached skill level 12 in Armour
 31933 | Spider:2 | Gained mutation: You are immune to freezing clouds. [demonic ancestry]
 31933 | Spider:2 | Reached XP level 16. HP: 102/134 MP: 23/23
 32131 | Spider:2 | HP: 37/134 [wolf spider (8)]
 32132 | Spider:2 | Received a gift from Okawaru
 32144 | Spider:2 | HP: 20/134 [wolf spider (14)]
 32958 | Spider:2 | Received a gift from Okawaru
 32994 | Spider:2 | Reached skill level 15 in Fighting
 33466 | Shoals:1 | Entered Level 1 of the Shoals
 33758 | Shoals:1 | Reached skill level 14 in Crossbows
 33934 | Orc:2    | Bought an uncursed ring of protection from fire for 375 gold pieces
 33934 | Orc:2    | Bought an uncursed amulet of regeneration for 450 gold pieces
 34110 | Shoals:1 | Found a runed door.
 34116 | Shoals:1 | Received a gift from Okawaru
 34218 | Shoals:1 | Found Zaaz's Jewellery Boutique.
 34460 | Shoals:1 | Reached skill level 1 in Dodging
 34460 | Shoals:1 | Reached skill level 1 in Evocations
 34741 | Shoals:2 | Identified the cursed +0 scale mail of Zilae {Str+3 Dex-2 Slay+5 Stlth+} (You found it on level 2 of the Shoals)
 34805 | Shoals:2 | Reached skill level 2 in Evocations
 34953 | Shoals:2 | Reached skill level 2 in Dodging
 35009 | Shoals:2 | Received a gift from Okawaru
 35010 | Shoals:2 | Got a faintly humming scale mail {god gift}
 35013 | Shoals:2 | Identified the +0 scale mail of Whack-A-Mole {*Corrode rPois rC++ MP+9} (Okawaru gifted it to you on level 2 of the Shoals)
 35510 | Shoals:2 | Reached skill level 3 in Evocations
 35512 | Shoals:2 | HP: 38/136 [poisoned by a merfolk impaler]
 35517 | Shoals:2 | HP: 25/136 [poisoned by a merfolk impaler]
 35522 | Shoals:2 | HP: 15/136 [poisoned by a merfolk impaler]
 35527 | Shoals:2 | HP: 11/136 [poisoned by a merfolk impaler]
 35532 | Shoals:2 | HP: 9/136 [poisoned by a merfolk impaler]
 35537 | Shoals:2 | HP: 7/136 [poisoned by a merfolk impaler]
 35542 | Shoals:2 | HP: 8/136 [poisoned by a merfolk impaler]
 35548 | Shoals:2 | HP: 9/136 [poisoned by a merfolk impaler]
 35556 | Shoals:2 | HP: 13/136 [poisoned by a merfolk impaler]
 35564 | Shoals:2 | HP: 17/136 [poisoned by a merfolk impaler]
 36039 | Shoals:3 | Noticed Ilsuiw
 36056 | Shoals:3 | Killed Ilsuiw
 36056 | Shoals:3 | Reached skill level 3 in Dodging
 36127 | Shoals:3 | HP: 27/136 [merfolk/trident (14)]
 36136 | Shoals:3 | HP: 32/136 [merfolk/trident (3)]
 36156 | Shoals:3 | HP: 16/136 [wind drake/the air (17)]
 36443 | Shoals:3 | Reached skill level 4 in Evocations
 36455 | Shoals:3 | HP: 38/136 [drowned by a water nymph (9)]
 36459 | Shoals:3 | Reached skill level 13 in Armour
 36464 | Shoals:3 | Got a smoking tin ring
 36467 | Shoals:3 | Identified the ring of the Wild Haggis {+Fly rElec MP+9} (You found it on level 3 of the Shoals)
 36468 | Shoals:3 | HP: 16/136 [faun/stone[a satyr] (16)]
 36473 | Shoals:3 | HP: 10/136 [faun/uncursed quarterstaff[a satyr] (7)]
 37197 | Spider:2 | HP: 33/136 [redback (9)]
 37378 | Spider:2 | Paralysed by a hornet for 3 turns
 37421 | Spider:2 | Reached skill level 4 in Dodging
 38456 | Spider:3 | Gained mutation: You are robust. (+10% HP) [demonic ancestry]
 38456 | Spider:3 | Reached XP level 17. HP: 92/156 MP: 24/24
 38503 | Spider:3 | Reached skill level 5 in Evocations
 38591 | Spider:3 | Received a gift from Okawaru
 38922 | Spider:3 | Reached skill level 5 in Dodging
 39048 | Spider:3 | Received a gift from Okawaru
 39082 | Spider:4 | Entered Level 4 of the Spider Nest
 39903 | Spider:4 | Reached skill level 15 in Crossbows
 40183 | Spider:4 | Reached skill level 6 in Dodging
 40600 | Spider:4 | Received a gift from Okawaru
 41398 | Spider:4 | Reached skill level 14 in Armour
 41415 | Spider:4 | Reached skill level 7 in Dodging
 41567 | Spider:4 | Got a gossamer rune of Zot
 41991 | Shoals:4 | Entered Level 4 of the Shoals
 42893 | Shoals:4 | Noticed Kirke
 43217 | Shoals:4 | Killed Kirke
 43300 | Shoals:4 | Reached skill level 8 in Dodging
 43300 | Shoals:4 | Reached XP level 18. HP: 161/163 MP: 25/25
 43457 | Shoals:4 | HP: 46/163 [merfolk impaler/trident of venom (5)]
 43458 | Shoals:4 | Received a gift from Okawaru
 43459 | Shoals:4 | HP: 16/163 [merfolk impaler/trident of venom (11)]
 43464 | Shoals:4 | HP: 28/163 [poisoned by a merfolk impaler]
 43469 | Shoals:4 | HP: 26/163 [poisoned by a merfolk impaler]
 43474 | Shoals:4 | HP: 22/163 [poisoned by a merfolk impaler]
 43479 | Shoals:4 | HP: 23/163 [poisoned by a merfolk impaler]
 43485 | Shoals:4 | HP: 26/163 [poisoned by a merfolk impaler]
 43493 | Shoals:3 | HP: 30/163 [poisoned by a merfolk impaler]
 43866 | Shoals:4 | Got a barnacled rune of Zot
 44122 | Shoals:4 | HP: 43/163 [merfolk javelineer/silver javelin (13)]
 44129 | Shoals:4 | HP: 19/163 [merfolk impaler/trident of venom (14)]
 44150 | Shoals:4 | HP: 26/163 [merfolk javelineer/poisoned javelin (4)]
 44151 | Shoals:4 | HP: 7/163 [merfolk javelineer/poisoned javelin (9)]
 44156 | Shoals:4 | HP: 10/163 [poisoned by a merfolk javelineer]
 44162 | Shoals:4 | HP: 10/163 [poisoned by a merfolk javelineer]
 44167 | Shoals:3 | HP: 11/163 [poisoned by a merfolk javelineer]
 44174 | Shoals:3 | HP: 13/163 [poisoned by a merfolk javelineer]
 44179 | Shoals:3 | HP: 14/163 [poisoned by a merfolk javelineer]
 44185 | Shoals:3 | HP: 16/163 [poisoned by a merfolk javelineer]
 44190 | Shoals:3 | HP: 19/163 [poisoned by a merfolk javelineer]
 44407 | Shoals:4 | Upgraded the game from 0.22-a0-422-g9628fc8 to 0.22-a0-423-g4197694
 44769 | Shoals:4 | Reached skill level 16 in Crossbows
 44986 | Shoals:4 | HP: 45/163 [merfolk javelineer/poisoned javelin (15)]
 44991 | Shoals:4 | HP: 43/163 [poisoned by a merfolk javelineer]
 44996 | Shoals:4 | HP: 43/163 [poisoned by a merfolk javelineer]
 45002 | Shoals:4 | HP: 45/163 [poisoned by a merfolk javelineer]
 45008 | Shoals:4 | HP: 36/163 [poisoned by a merfolk javelineer]
 45016 | Shoals:4 | HP: 41/163 [poisoned by a merfolk javelineer]
 45027 | Shoals:4 | HP: 43/163 [merfolk impaler/vampiric trident (5)]
 45756 | Vaults:1 | Entered Level 1 of the Vaults
 45934 | Vaults:1 | Reached skill level 9 in Dodging
 46149 | Vaults:1 | Reached skill level 15 in Armour
 46168 | Vaults:1 | HP: 45/163 [deep troll[an ironheart preserver] (15)]
 46179 | Vaults:1 | HP: 13/163 [deep troll[an ironheart preserver] (26)]
 46201 | Vaults:1 | HP: 42/163 [troll[an orc knight] (1)]
 46535 | Vaults:1 | Received a gift from Okawaru
 47023 | Vaults:1 | Received a gift from Okawaru
 47356 | Vaults:1 | HP: 38/163 [slime creature (14)]
 47362 | Vaults:1 | Received a gift from Okawaru
 47579 | Vaults:1 | Reached skill level 10 in Dodging
 47991 | Vaults:2 | Received a gift from Okawaru
 48413 | Vaults:2 | Found Tolucat's Food Boutique.
 48458 | Vaults:2 | Received a gift from Okawaru
 48738 | Vaults:2 | Reached XP level 19. HP: 84/170 MP: 26/26
 48900 | Vaults:2 | Reached skill level 13 in Maces & Flails
 49512 | Vaults:2 | Received a gift from Okawaru
 50368 | Vaults:2 | Reached skill level 11 in Dodging
 50794 | Vaults:3 | Reached skill level 16 in Armour
 50810 | Vaults:3 | Received a gift from Okawaru
 51218 | Vaults:3 | Found a staircase to the Crypt.
 51265 | Vaults:3 | HP: 47/170 [yaktaur/bolt[a vault warden] (26)]
 51277 | Vaults:3 | HP: 32/170 [yaktaur/bolt[a vault warden] (21)]
 51766 | Vaults:3 | Reached skill level 14 in Maces & Flails
 51778 | Vaults:3 | Noticed Jorgrun
 51788 | Vaults:3 | Killed Jorgrun
 51964 | Vaults:3 | Reached skill level 12 in Dodging
 53316 | Vaults:4 | Noticed a lich
 53331 | Vaults:4 | Killed a lich
 53347 | Vaults:4 | HP: 31/170 [stone giant/large rock (34)]
 53353 | Vaults:4 | HP: 4/170 [stone giant/large rock (31)]
 53361 | Vaults:4 | Received a gift from Okawaru
 53738 | Vaults:4 | Received a gift from Okawaru
 53738 | Vaults:4 | Reached XP level 20. HP: 171/178 MP: 27/27
 54468 | Vaults:4 | Reached skill level 15 in Maces & Flails
 54468 | Vaults:4 | Reached skill level 13 in Dodging
 54504 | Vaults:4 | Received a gift from Okawaru
 54589 | Vaults:4 | Noticed Venturno's ghost (adept MiFi)
 55053 | Vaults:4 | Killed Venturno's ghost
 55053 | Vaults:4 | Received a gift from Okawaru
 55715 | Crypt:1  | Entered Level 1 of the Crypt
 56069 | Crypt:1  | HP: 41/178 [??? (25)]
 56072 | Crypt:1  | HP: 18/178 [??? (10)]
 56075 | Crypt:1  | HP: 7/178 [eidolon (10)]
 56076 | Crypt:1  | Slain by a phantasmal warrior

Vault maps used:
D:1:      roderic_crop_circles_arrival_large, minivault_24,
          palyth_stone_intersect, feat_on_display
D:2:      kennysheep_slug_shrine, doesnt_xom_only_xom
D:3:      nicolae_ru_awakened_eye
D:4:      gup_sewer_entry_glass, cheibrodos_ashenzari_chains, uniq_grinder
D:5:      lemuel_round_altar, serial_shops, kennysheep_mini_moat, first_ration,
          due_unseen_surprise, uniq_crazy_yiuf_cottage, uniq_menkaure
D:6:      lemuel_insect_pit, temple_doors_cd, uniq_blork_the_orc
D:7:      serial_shops, shop, nicolae_ossuary_entry_ruins
D:8:      nicolae_dithmenos_shadow_blocks, serial_shops, shop, shop, shop, shop,
          shop_fountains
D:9:      orc_0_dummy
D:10:     minmay_lair_entry_lava, uniq_urug
D:13:     the_bakery, uniq_erolcha
D:14:     minmay_box_of_curves, david_vaults_4, hangedman_decor_slide_cut,
          basic_altar, minivault_19
D:15:     gammafunk_depths_entry_grave,
          nicolae_gozag_cash_rules_everything_around_me
Temple:   hc_temple_tempest_star
Lair:1:   portal_ice_cave_entry_ice_beasts, lemuel_fruit_tree
Lair:2:   minmay_shoals_entry_hut, basic_altar
Lair:4:   dpeg_oklob_gauntlet, dummy_spider_entry, serial_bayou_shore_b,
          grunt_megastairs_3
Lair:5:   cheibrodos_lair_river_kwai, special_room, serial_bayou_ford_a
Lair:6:   grunt_lair_end_beastmaster, nicolae_slime_entry_slimehenge,
          grunt_megastairs_4
Shoals:1: serial_shops, nicolae_shop_statue_plus, lightli_airlock
Shoals:3: uniq_ilsuiw
Shoals:4: shoals_end_simple, shoals_ilsuiw_alternative, uniq_kirke
Spider:1: spider_trap, uniq_roxanne, uniq_asterion
Spider:2: spiders_nest_hornet_nest, nicolae_spider_cling_ruins
Spider:4: grunt_spider_rune_parallel
Orc:1:    serial_shops, shop, uniq_harold
Orc:2:    grunt_orc_tribal_feast, serial_shops, shop, shop, basic_altar
Vaults:1: nicolae_vaults_angled_halls, nicolae_vaults_asterisk,
          ontoclasm_vaults_gallery, grunt_vaults_hallway_short, v_pattern_4,
          vaults_mumra_hex, vaults_dpeg_ring, serial_ice_h, vaults_mumra_lcd,
          hangedman_vaults_slice, v_misc_16, vaults_room_door_ring
Vaults:2: v_misc_13, v_misc_8, v_alt_pattern_6, st_diamondy, v_misc_19,
          nicolae_vaults_theta, nicolae_vaults_what_the_h, v_misc_22,
          nicolae_vaults_little_squares_3, vaults_room_stairs_pillars,
          grunt_vaults_focal, serial_shops, shop_statue
Vaults:3: v_alt_pattern_6, ontoclasm_vaults_shuriken,
          minmay_crypt_entry_simple_sparse, vaults_room_door_ring,
          v_alt_pattern_3, hangedman_vaults_corner_blocks, v_misc_33,
          nicolae_vaults_network_quinsquares, hangedman_vaults_stream,
          vaults_room_ringed_pool, v_misc_30, nicolae_vaults_network_s,
          vaults_room_stairs_pillars, ontoclasm_vaults_gateway,
          nicolae_vaults_asterisk, uniq_jorgrun
Vaults:4: vaults_room_door_ring, v_misc_29, nicolae_vaults_ninety_degrees,
          v_rooms_1, vaults_room_pool, vaults_room_door_ring, v_misc_29,
          hangedman_vaults_nails, nicolae_vaults_angled_halls,
          vaults_room_stairs_pillars
Sewer:    sewer_sea
Ossuary:  ossuary_minmay_chase
IceCv:    ice_cave_tombish

Skill      XL: |  1  2  3  4  5  6  7  8  9 10 11 12 13 14 15 16 17 18 19 20 |
---------------+-------------------------------------------------------------+-----
Crossbows      | 2 3 4 5 6 7 9 10 11 12 13 14 15 16 | 16.0
Maces & Flails | 1 2 3 4 6 7 9 10 12 14 15 | 15.3
Invocations    | 2 3 5 9 10 | 10.0
Fighting       | 5 8 10 12 13 14 15 | 15.1
Armour         | 2 6 8 10 12 13 14 15 16 | 16.0
Dodging        | 4 8 10 12 13 | 13.3
Evocations     | 4 5 |  5.0
Stealth        | |  1.7
Spellcasting   | |  2.0
Hexes          | |  1.0

Action                   |  1- 3 |  4- 6 |  7- 9 | 10-12 | 13-15 | 16-18 | 19-21 || total
-------------------------+-------+-------+-------+-------+-------+-------+-------++-------
Melee: Whip              |    57 |   168 |   151 |       |       |       |       ||   376
       Flail             |       |       |   128 |   324 |   363 |       |       ||   815
       Punch             |       |       |       |     1 |     3 |       |       ||     4
       Demon whip        |       |       |       |       |   112 |   894 |       ||  1006
       Unarmed           |       |       |       |       |       |     6 |       ||     6
       Great mace        |       |       |       |       |       |   193 |   477 ||   670
 Fire: Hand crossbow     |    74 |    10 |    15 |       |       |       |       ||    99
       Heavy crossbow    |       |       |    87 |   276 |   639 |   189 |       ||  1191
       Arbalest          |       |       |       |       |       |   792 |   460 ||  1252
Throw: Tomahawk          |       |     5 |       |     3 |       |       |       ||     8
       Throwing net      |       |       |       |       |       |     1 |       ||     1
Invok: Heroism           |       |       |       |     5 |    11 |    15 |     2 ||    33
       Finesse           |       |       |       |       |       |     3 |     1 ||     4
 Abil: Evoke Flight      |       |       |       |       |       |    15 |       ||    15
Evoke: Wand              |       |       |       |     2 |     1 |    11 |       ||    14
  Use: Scroll            |     3 |     7 |    11 |     8 |    14 |    10 |     1 ||    54
       Potion            |       |     1 |       |     4 |     9 |     9 |     2 ||    25
  Eat: Chunk             |     1 |     4 |    33 |    27 |    51 |    34 |    16 ||   166
       Ration            |       |       |       |       |       |     4 |     3 ||     7
Armor: Ring mail         |    35 |    52 |    78 |       |       |       |       ||   165
       Chain mail        |       |       |    67 |   465 |   523 |  1091 |   382 ||  2528
       Plate armour      |       |       |       |       |   359 |   256 |       ||   615
Dodge: Dodged            |    56 |    66 |   175 |   241 |   441 |   946 |   402 ||  2327

Table legend:
 A = Spawn XP
 B = Non-spawn XP
 C = Spawn XP percentage of total XP
 D = Spawn monster count
 E = Non-spawn monster count
 F = Spawn count percentage of total count
 G = Total turns spent on level
                    A         B        C        D         E        F      G
               +---------+---------+-------+---------+---------+-------+---------
         Total |       0 |  516792 |   0.0 |       0 |    1554 |   0.0 | 56076
               +---------+---------+-------+---------+---------+-------+---------
           D:1 |       0 |      12 |   0.0 |       0 |       7 |   0.0 |   547
           D:2 |       0 |     120 |   0.0 |       0 |      36 |   0.0 |   809
           D:3 |       0 |     125 |   0.0 |       0 |      32 |   0.0 |   916
           D:4 |       0 |     445 |   0.0 |       0 |      17 |   0.0 |   970
           D:5 |       0 |     752 |   0.0 |       0 |      16 |   0.0 |   830
           D:6 |       0 |    1462 |   0.0 |       0 |      39 |   0.0 |   976
           D:7 |       0 |    1129 |   0.0 |       0 |      19 |   0.0 |   722
           D:8 |       0 |    2673 |   0.0 |       0 |      44 |   0.0 |  1371
           D:9 |       0 |    1687 |   0.0 |       0 |      37 |   0.0 |  1284
          D:10 |       0 |    2501 |   0.0 |       0 |      34 |   0.0 |  1544
          D:11 |       0 |    1165 |   0.0 |       0 |      12 |   0.0 |  1307
          D:12 |       0 |    2859 |   0.0 |       0 |      23 |   0.0 |   867
          D:13 |       0 |    7864 |   0.0 |       0 |      35 |   0.0 |  1272
          D:14 |       0 |   20850 |   0.0 |       0 |      53 |   0.0 |  2317
          D:15 |       0 |   16894 |   0.0 |       0 |      40 |   0.0 |  1378
        Lair:1 |       0 |    3917 |   0.0 |       0 |      29 |   0.0 |  1531
        Lair:2 |       0 |    4186 |   0.0 |       0 |      19 |   0.0 |  1173
        Lair:3 |       0 |    3178 |   0.0 |       0 |      14 |   0.0 |  1229
        Lair:4 |       0 |   11839 |   0.0 |       0 |      42 |   0.0 |  2534
        Lair:5 |       0 |   10109 |   0.0 |       0 |      39 |   0.0 |  1426
        Lair:6 |       0 |   13645 |   0.0 |       0 |      44 |   0.0 |  1400
      Shoals:1 |       0 |   12107 |   0.0 |       0 |      29 |   0.0 |   854
      Shoals:2 |       0 |   11575 |   0.0 |       0 |      24 |   0.0 |  1244
      Shoals:3 |       0 |   18116 |   0.0 |       0 |      30 |   0.0 |  2262
      Shoals:4 |       0 |   46602 |   0.0 |       0 |      75 |   0.0 |  2259
      Spider:1 |       0 |   20565 |   0.0 |       0 |      64 |   0.0 |  1879
      Spider:2 |       0 |   23679 |   0.0 |       0 |      62 |   0.0 |  2732
      Spider:3 |       0 |   16985 |   0.0 |       0 |      38 |   0.0 |  1398
      Spider:4 |       0 |   39089 |   0.0 |       0 |     101 |   0.0 |  1992
         Orc:1 |       0 |    7381 |   0.0 |       0 |      44 |   0.0 |  1656
         Orc:2 |       0 |   10079 |   0.0 |       0 |      62 |   0.0 |  1675
      Vaults:1 |       0 |   43800 |   0.0 |       0 |      72 |   0.0 |  2296
      Vaults:2 |       0 |   44604 |   0.0 |       0 |      74 |   0.0 |  2615
      Vaults:3 |       0 |   61228 |   0.0 |       0 |     105 |   0.0 |  3039
      Vaults:4 |       0 |   45086 |   0.0 |       0 |      55 |   0.0 |  1567
       Crypt:1 |       0 |    3762 |   0.0 |       0 |       7 |   0.0 |   167
         Sewer |       0 |     154 |   0.0 |       0 |      39 |   0.0 |   690
       Ossuary |       0 |      77 |   0.0 |       0 |      21 |   0.0 |   147
         IceCv |       0 |    4491 |   0.0 |       0 |      21 |   0.0 |   953
               +---------+---------+-------+---------+---------+-------+---------

Table legend:
 A = Turns spent in this place as a percentage of turns spent in the entire game.
 B = Non-inter-level travel turns spent in this place as a percentage of non-inter-level travel turns spent in the entire game.
 C = Inter-level travel turns spent in this place as a percentage of turns spent in this place.
 D = Turns resting spent in this place as a percentage of non-inter-level travel turns spent in this place.
 E = Turns spent auto-exploring this place as a percentage of non-inter-level travel turns spent in this place.
 F = Non-inter-level travel turns spent in this place divided by the number of levels of this place that you've seen.
                   A       B       C       D       E      F
               +-------+-------+-------+-------+-------+----------------------
         Total | 100.0 | 100.0 |   9.2 |  28.4 |  28.1 | 1272.4
       Dungeon |  30.5 |  29.1 |  13.3 |  18.5 |  44.7 | 989.1
        Temple |   0.4 |   0.5 |   6.0 |   0.0 |  95.7 | 233.0
          Lair |  16.6 |  16.5 |   9.4 |  29.8 |  35.7 | 1403.2
        Shoals |  11.8 |  11.9 |   8.3 |  33.2 |  17.7 | 1517.8
   Spider Nest |  14.3 |  14.9 |   5.0 |  42.2 |  13.0 | 1901.0
  Orcish Mines |   5.9 |   5.8 |  10.7 |  46.4 |  14.5 | 1486.5
        Vaults |  17.0 |  17.3 |   7.5 |  21.8 |  21.4 | 2201.2
         Crypt |   0.3 |   0.3 |   0.0 |   0.0 |  21.0 | 167.0
         Sewer |   1.2 |   1.4 |   0.0 |  31.3 |   0.0 | 690.0
       Ossuary |   0.3 |   0.3 |   0.0 |   0.0 |   0.0 | 147.0
      Ice Cave |   1.7 |   1.9 |   0.0 |  47.0 |   3.0 | 953.0
               +-------+-------+-------+-------+-------+----------------------

Vault maps used:
D:1:      roderic_crop_circles_arrival_large, minivault_24,
          palyth_stone_intersect, feat_on_display
D:2:      kennysheep_slug_shrine, doesnt_xom_only_xom
D:3:      nicolae_ru_awakened_eye
D:4:      gup_sewer_entry_glass, cheibrodos_ashenzari_chains, uniq_grinder
D:5:      lemuel_round_altar, serial_shops, kennysheep_mini_moat, first_ration,
          due_unseen_surprise, uniq_crazy_yiuf_cottage, uniq_menkaure
D:6:      lemuel_insect_pit, temple_doors_cd, uniq_blork_the_orc
D:7:      serial_shops, shop, nicolae_ossuary_entry_ruins
D:8:      nicolae_dithmenos_shadow_blocks, serial_shops, shop, shop, shop, shop,
          shop_fountains
D:9:      orc_0_dummy
D:10:     minmay_lair_entry_lava, uniq_urug
D:13:     the_bakery, uniq_erolcha
D:14:     minmay_box_of_curves, david_vaults_4, hangedman_decor_slide_cut,
          basic_altar, minivault_19
D:15:     gammafunk_depths_entry_grave,
          nicolae_gozag_cash_rules_everything_around_me
Temple:   hc_temple_tempest_star
Lair:1:   portal_ice_cave_entry_ice_beasts, lemuel_fruit_tree
Lair:2:   minmay_shoals_entry_hut, basic_altar
Lair:4:   dpeg_oklob_gauntlet, dummy_spider_entry, serial_bayou_shore_b,
          grunt_megastairs_3
Lair:5:   cheibrodos_lair_river_kwai, special_room, serial_bayou_ford_a
Lair:6:   grunt_lair_end_beastmaster, nicolae_slime_entry_slimehenge,
          grunt_megastairs_4
Shoals:1: serial_shops, nicolae_shop_statue_plus, lightli_airlock
Shoals:3: uniq_ilsuiw
Shoals:4: shoals_end_simple, shoals_ilsuiw_alternative, uniq_kirke
Spider:1: spider_trap, uniq_roxanne, uniq_asterion
Spider:2: spiders_nest_hornet_nest, nicolae_spider_cling_ruins
Spider:4: grunt_spider_rune_parallel
Orc:1:    serial_shops, shop, uniq_harold
Orc:2:    grunt_orc_tribal_feast, serial_shops, shop, shop, basic_altar
Vaults:1: nicolae_vaults_angled_halls, nicolae_vaults_asterisk,
          ontoclasm_vaults_gallery, grunt_vaults_hallway_short, v_pattern_4,
          vaults_mumra_hex, vaults_dpeg_ring, serial_ice_h, vaults_mumra_lcd,
          hangedman_vaults_slice, v_misc_16, vaults_room_door_ring
Vaults:2: v_misc_13, v_misc_8, v_alt_pattern_6, st_diamondy, v_misc_19,
          nicolae_vaults_theta, nicolae_vaults_what_the_h, v_misc_22,
          nicolae_vaults_little_squares_3, vaults_room_stairs_pillars,
          grunt_vaults_focal, serial_shops, shop_statue
Vaults:3: v_alt_pattern_6, ontoclasm_vaults_shuriken,
          minmay_crypt_entry_simple_sparse, vaults_room_door_ring,
          v_alt_pattern_3, hangedman_vaults_corner_blocks, v_misc_33,
          nicolae_vaults_network_quinsquares, hangedman_vaults_stream,
          vaults_room_ringed_pool, v_misc_30, nicolae_vaults_network_s,
          vaults_room_stairs_pillars, ontoclasm_vaults_gateway,
          nicolae_vaults_asterisk, uniq_jorgrun
Vaults:4: vaults_room_door_ring, v_misc_29, nicolae_vaults_ninety_degrees,
          v_rooms_1, vaults_room_pool, vaults_room_door_ring, v_misc_29,
          hangedman_vaults_nails, nicolae_vaults_angled_halls,
          vaults_room_stairs_pillars
Sewer:    sewer_sea
Ossuary:  ossuary_minmay_chase
IceCv:    ice_cave_tombish
